 Dungeon Crawl Stone Soup version 0.28-a0-631-g0446da8ef9 (webtiles) character file.

Game seed: 1690859964129035957

35800 jasper the Impaler (level 13, -4/104 HPs)
             Began as a Demonspawn Fighter on Oct 9, 2021.
             Was an Initiate of Gozag.
             Slain by an apocalypse crab (8 damage)
             ... on level 2 of the Abyss.
             The game lasted 00:37:32 (20118 turns).

jasper the Impaler (Demonspawn Fighter)            Turns: 20118, Time: 00:37:32

Health: -4/104     AC: 29    Str: 17    XL:     13   Next: 49%
Magic:  10/10      EV: 12    Int:  5    God:    Gozag
Gold:   2734       SH:  0    Dex: 16    Spells: 12/12 levels left

rFire   . . .      SeeInvis +   g - +0 halberd
rCold   . . .      Faith    .   (shield currently unavailable)
rNeg    + + .      Spirit   .   F - +10 plate armour of Fallacy {+Blink rN+}
rPois   +          Reflect  .   (helmet unavailable)
rElec   .          Harm     .   l - +1 cloak
rCorr   .          Rampage  .   E - +0 pair of gloves
Will    .....      Rage     3%  G - +0 pair of boots Stlth ..........Rnd*Tele +
                                O - amulet of regeneration
HPRegen 1.27/turn               M - ring "Edix" {rPois rN+}
MPRegen 0.24/turn               (no ring)

@: about to teleport, very slightly contaminated, studying Polearms, invisible
(expiring), repel missiles
A: antennae 3, repulsion field 3, foul stench 1, magic regeneration, [berserk
2], [clumsy 1], [dopey 2], [low mp 2], [teleportitis 2]
a: Renounce Religion, Evoke Blink, Potion Petition, Call Merchant, Bribe Branch


You were on level 2 of the Abyss.
You worshipped Gozag.
Gozag was most pleased with you.
You visited 2 branches of the dungeon, and saw 15 of its levels.
You visited the Abyss 1 time.
You also visited: Gauntlet and Volcano.

You collected 4228 gold pieces.
You spent 1473 gold pieces at shops.
You paid 21 gold pieces to Gozag.

Inventory:

Hand Weapons
 b - a +2 trident of venom
 g - a +0 halberd (weapon)
 R - a +3 vorpal dire flail
Missiles
 d - 444 stones
 v - 79 poisoned darts (quivered)
Armour
 c - a +0 buckler
 l - a +1 cloak (worn)
 E - a +0 pair of gloves (worn)
 F - the +10 plate armour of Fallacy (worn) {+Blink rN+}
   (You bought it in a shop on level 4 of the Dungeon)

   rN:        It protects you from negative energy.
   +Blink:    It lets you blink.
 G - a +0 pair of boots (worn)
Jewellery
 t - an amulet of the acrobat
 A - an amulet of magic regeneration
 M - the ring "Edix" (left hand) {rPois rN+}
   (You found it in a Gauntlet)

   [ring of positive energy]

   rPois:     It protects you from poison.
   rN:        It protects you from negative energy.
 O - an amulet of regeneration (around neck)
Wands
 a - a wand of charming (10)
 i - a wand of digging (6)
 k - a wand of paralysis (15)
 D - a wand of polymorph (18)
Scrolls
 j - 3 scrolls of vulnerability
 m - 2 scrolls of torment
 q - 3 scrolls of fog
 r - a scroll of amnesia
 u - 3 scrolls of identify
 w - 3 scrolls of immolation
 y - 3 scrolls of silence
 z - 3 scrolls of enchant armour
 K - 2 scrolls of teleportation
 L - a scroll of fear
 N - 3 scrolls of enchant weapon
Potions
 f - 6 potions of curing
 h - 3 potions of cancellation
 n - a potion of berserk rage
 o - 2 potions of attraction
 p - 4 potions of flight
 s - 2 potions of heal wounds
 B - 3 potions of haste
 C - 5 potions of mutation
 H - 2 potions of lignification
 I - 2 potions of brilliance
 J - a potion of resistance
Miscellaneous
 P - a phantom mirror (inert)
 Q - a phial of floods


   Skills:
 * Level 10.4 Fighting
 - Level 2.7(10.7) Axes
 - Level 15.8(16.0) Polearms
 + Level 8.6 Armour
 + Level 8.0 Dodging
 - Level 2.6 Shields
 + Level 4.2 Evocations


You had 12 spell levels left.
You didn't know any spells.
Your spell library contained the following spells:

 Spells                   Type           Power      Damage    Failure   Level
 Magic Dart               Conj           0%         1d3       100%        1
 Sting                    Tmut/Pois      0%         1d3       100%        1
 Blink                    Tloc           N/A        N/A       100%        2
 Call Imp                 Summ           0%         N/A       100%        2
 Corpse Rot               Necr/Air       N/A        N/A       100%        2
 Poisonous Vapours        Pois/Air       0%         N/A       100%        2
 Conjure Flame            Conj/Fire      0%         6-21      100%        3
 Frozen Ramparts          Ice            0%         1d2       100%        3
 Ignite Poison            Fire/Tmut/Pois 0%         N/A       100%        3
 Inner Flame              Hex/Fire       0%         N/A       100%        3
 Mephitic Cloud           Conj/Pois/Air  0%         N/A       100%        3
 Tukima's Dance           Hex            0%         N/A       100%        3
 Animate Dead             Necr           0%         N/A       100%        4
 Ice Form                 Ice/Tmut       0%         N/A       100%        4
 Olgreb's Toxic Radiance  Pois           0%         N/A       100%        4
 Passage of Golubria      Tloc           N/A        N/A       100%        4
 Sticky Flame             Conj/Fire      0%         2d3       100%        4
 Summon Ice Beast         Ice/Summ       0%         N/A       100%        4
 Freezing Cloud           Conj/Ice/Air   0%         6-21      100%        5
 Summon Forest            Summ/Tloc      0%         N/A       100%        5
 Summon Mana Viper        Hex/Summ       0%         N/A       100%        5
 Yara's Violent Unravell  Hex/Tmut       0%         3d3       100%        5
 Simulacrum               Ice/Necr       0%         N/A       100%        6
 Summon Cactus Giant      Summ           0%         N/A       100%        6
 Haunt                    Necr/Summ      0%         N/A       100%        7
 Monstrous Menagerie      Summ           0%         N/A       100%        7
 Infestation              Necr           0%         N/A       100%        8
 Fire Storm               Conj/Fire      0%         5d1       100%        9
 Polar Vortex             Ice            0%         N/A       100%        9


Dungeon Overview and Level Annotations

Branches:
Dungeon (12/15)            Temple (0/1) D:7            Lair (3/6) D:11
  Swamp (0/4) Lair:2          Orc (0/2) D:10        Volcano (visited)
Gauntlet (visited)
  Snake: Lair:2-4    Spider: Lair:2-4

Altars:
Fedhas
Gozag
Beogh

Shops:
D:4 [   D:5 [*   D:7 !?([*   D:12 (

Annotations:
D:6 2 transporters, AlleluiaPinecone's ghost, novice VSBr
D:7 1 runed translucent door, a11behringer's ghost, novice DrBe


Innate Abilities, Weirdness & Mutations

You have a pair of large antennae on your head. (SInv)
You are surrounded by a strong repulsion field. (EV +4, RMsl)
You may rarely emit foul miasma when damaged in melee.
You regenerate magic rapidly.
[You often lose your temper in combat.]
[You are clumsy. (Dex -2)]
[You are very dopey. (Int -4)]
[Your magical capacity is very low. (-20% MP)]
[You are sometimes teleported next to monsters.]


Message History

You feel better.
The small abomination barely misses you.
The apocalypse crab bites you but does no damage.
The apocalypse crab claws you!
* * * LOW HITPOINT WARNING * * *
The apocalypse crab sears you!
* * * LOW HITPOINT WARNING * * *
The small abomination hits you but does no damage.
You take 10 damage, and have 10/104 hp.
Blink to where?
Press: ? - help, Dir - move target A death knight comes into view.
It is wielding a +0 battleaxe.
As you read the scroll of blinking, it crumbles to dust.
The death knight shouts!
You hear a bark!
A freezing wraith comes into view.
A wraith comes into view.
You feel much better.
The death knight shouts!
A raiju comes into view.
You regained 24 hp, and now have 35/104 hp.
As you read the scroll of teleportation, it crumbles to dust.
You feel strangely unstable.
You feel the power of the Abyss delaying your translocation!
A skeletal warrior comes into view. It is wielding a +0 scimitar.
A raiju comes into view.
You regained 2 hp, and now have 37/104 hp.
Okay, then.
Okay, then.
The death knight shouts!
You hear a croak.
The apocalypse crab barely misses you.
The apocalypse crab claws you but does no damage.
You flicker for a moment.
The apocalypse crab bites you!
* * * LOW HITPOINT WARNING * * *
You are engulfed in flames!
* * * LOW HITPOINT WARNING * * *
The apocalypse crab claws you!
* * * LOW HITPOINT WARNING * * *
The apocalypse crab shocks you!
You die...
Your body crumbles into a pile of gold. .. . # . #h§ . .# { ..≈ .#. zW#

.. . {{# #
#.########'###.
##$#.....#W..h..
#.≈#..@x.p.∩# .
#...$..t.#.....
##$##.#### ##. #
..#.### ##. # .
. { .# . .# §
.#.


You could see a death knight, an apocalypse crab (berserk), a raiju, a wraith
and a small abomination.

Vanquished Creatures
  A minotaur (Gauntlet)
  A two-headed ogre (D:7)
  7 hydras
  Nergalle (Lair:2)
  2 wretched stars (Abyss:2)
  A bog body (Lair:2)
  3 wizards (Volcano)
  2 toenail golems (Volcano)
  3 elephants (Lair:1)
  A smoke demon (Abyss:2)
  6 cane toads
  A gargoyle (D:10)
  A kobold demonologist (D:9)
  An efreet (Gauntlet)
  An unseen horror (D:11)
  Psyche (D:11)
  7 komodo dragons
  2 polar bears (Lair:3)
  Prince Ribbit (D:9)
  6 blink frogs
  2 shadows
  A vampire (D:10)
  4 wyverns
  2 fire elementals (Gauntlet)
  A water elemental (D:11)
  46 yaks
  Grum (D:9)
  5 basilisks
  A steam dragon (D:6)
  3 large abominations
  3 vampire mosquitoes (D:10)
  A chaos spawn (Abyss:2)
  Menkaure (D:5)
  2 wargs (D:11)
  A hell hound (Gauntlet)
  2 ice beasts
  A hornet zombie (D:8)
  7 water moccasins
  6 orc warriors
  2 sky beasts
  A black bear (D:7)
  2 ogres
  3 necrophages
  5 wolves
  4 centaurs
  A phantom (D:5)
  7 kobold brigands
  A wyvern zombie (D:7)
  4 small abominations
  8 bullfrogs
  A gnoll sergeant (D:5)
  4 scorpions
  2 water moccasin skeletons
  10 killer bees
  13 wights
  An electric eel (D:11)
  3 howler monkeys
  3 centaur zombies
  A quasit (Abyss:2)
  2 centaur skeletons
  5 hounds
  A gnoll shaman (D:5)
  8 orc priests
  A bullfrog skeleton (D:6)
  11 orc wizards
  Ijyb (D:5)
  An iguana (D:4)
  A killer bee zombie (D:7)
  A hound skeleton (D:4)
  2 howler monkey skeletons
  A howler monkey zombie (D:10)
  10 gnolls
  9 adders
  2 white imps (Abyss:2)
  An ufetubus (D:7)
  3 adder skeletons (D:4)
  2 dart slugs (D:4)
  46 orcs
  6 endoplasms
  3 giant cockroaches
  5 goblins
  7 hobgoblins
  5 jackals
  4 quokkas
  7 ball pythons
  5 bats
  2 frilled lizards
  26 kobolds
  6 rats
399 creatures vanquished.

Vanquished Creatures (others)
  7 fungi
  4 plants
  2 withered plants (D:7)
13 creatures vanquished.

Grand Total: 412 creatures vanquished

Notes
Turn   | Place    | Note
-------+----------+-------------------------------------------
     0 | D:1      | jasper the Demonspawn Fighter began the quest for the Orb.
     0 | D:1      | Reached XP level 1. HP: 18/18 MP: 1/1
    31 | D:1      | You fall into a shaft and drop 1 floor!
    95 | D:2      | Gained mutation: You are surrounded by a mild repulsion
                  | field. (EV +2) [demonic ancestry]
    95 | D:2      | Reached XP level 2. HP: 23/24 MP: 2/2
   203 | D:2      | Found an opulent altar of Gozag.
   227 | D:2      | Became a worshipper of Gozag Ym Sagoz the Greedy
   462 | D:2      | Reached skill level 1 in Polearms
   462 | D:2      | Gained mutation: You have a pair of small antennae on your
                  | head. [demonic ancestry]
   462 | D:2      | Reached XP level 3. HP: 20/29 MP: 3/3
   814 | D:2      | Noticed a necrophage
   830 | D:2      | Killed a necrophage
   831 | D:2      | Reached skill level 3 in Polearms
   831 | D:2      | Gained mutation: You have a pair of antennae on your head.
                  | [demonic ancestry]
   831 | D:2      | Reached XP level 4. HP: 30/35 MP: 4/4
  1056 | D:1      | Gained mutation: You regenerate magic rapidly. [demonic
                  | ancestry]
  1056 | D:1      | Reached XP level 5. HP: 41/41 MP: 5/5
  1586 | D:1      | Found a faded altar of an unknown god.
  2658 | D:3      | Reached skill level 4 in Polearms
  3164 | D:4      | Found Vudubler's Antique Armour Shoppe.
  3173 | D:4      | Noticed an ogre
  3193 | D:4      | Reached skill level 5 in Polearms
  3193 | D:4      | Reached XP level 6. HP: 45/47 MP: 6/6
  3357 | D:4      | Reached skill level 6 in Polearms
  3357 | D:4      | Reached XP level 7. HP: 45/52 MP: 7/7
  3732 | D:4      | Reached skill level 7 in Polearms
  3840 | D:4      | Found a blossoming altar of Fedhas.
  4207 | D:5      | Entered Level 5 of the Dungeon
  4493 | D:5      | Reached skill level 8 in Polearms
  4493 | D:5      | Gained mutation: You have a pair of large antennae on your
                  | head. (SInv) [demonic ancestry]
  4493 | D:5      | Reached XP level 8. HP: 41/58 MP: 8/8
  4938 | D:5      | Noticed Menkaure
  4943 | D:5      | Killed Menkaure
  4951 | D:5      | Reached skill level 9 in Polearms
  5312 | D:5      | Found Xasessupn's General Store.
  5435 | D:5      | Noticed Ijyb
  5437 | D:5      | Killed Ijyb
  6235 | D:4      | Bought a smouldering plate armour for 812 gold pieces
  6235 | D:4      | Identified the +10 plate armour of Fallacy {+Blink rN+}
                  | (You bought it in a shop on level 4 of the Dungeon)
  6344 | D:5      | Bought a +0 pair of boots for 63 gold pieces
  6470 | D:5      | Found Qeaxeih's Antique Armour Shop.
  6560 | D:5      | Reached skill level 10 in Polearms
  7102 | D:6      | Reached XP level 9. HP: 63/63 MP: 9/9
  7644 | D:6      | Noticed AlleluiaPinecone's ghost (novice VSBr)
  7670 | D:6      | Found a transporter.
  7690 | D:6      | Found a transporter.
  7778 | D:6      | Reached skill level 11 in Polearms
  8093 | D:7      | You fall into a shaft and drop 3 floors!
  8093 | D:10     | Entered Level 10 of the Dungeon
  8308 | D:10     | Reached skill level 1 in Dodging
  8722 | D:9      | Reached XP level 10. HP: 73/73 MP: 10/10
  8996 | D:9      | Reached skill level 5 in Fighting
  9329 | D:9      | Noticed Prince Ribbit
  9365 | D:9      | Killed Prince Ribbit
  9405 | D:9      | Reached skill level 5 in Armour
  9440 | D:9      | Noticed Grum
  9456 | D:9      | Killed Grum
  9959 | D:9      | Reached skill level 5 in Dodging
 10065 | D:9      | Gained mutation: You are surrounded by a moderate repulsion
                  | field. (EV +3) [demonic ancestry]
 10065 | D:9      | Reached XP level 11. HP: 40/83 MP: 11/11
 11995 | D:7      | Found a staircase to the Ecumenical Temple.
 12516 | D:7      | Found Gaczuv's Antique Weapon Shoppe.
 12519 | D:7      | Found Geoh's Antique Armour Shoppe.
 12534 | D:7      | Found Lyxoibu's Distillery.
 12534 | D:7      | Noticed a two-headed ogre
 12547 | D:7      | Killed a two-headed ogre
 12550 | D:7      | Found Yfeypenk's Magic Scroll Shoppe.
 12577 | D:7      | Bought a scroll of immolation for 38 gold pieces
 12577 | D:7      | Bought a scroll of identify for 22 gold pieces
 12577 | D:7      | Bought a scroll of identify for 22 gold pieces
 12583 | D:7      | Bought a potion of curing for 33 gold pieces
 12583 | D:7      | Bought a potion of might for 44 gold pieces
 12583 | D:7      | Bought a potion of curing for 33 gold pieces
 12583 | D:7      | Bought a potion of curing for 33 gold pieces
 12583 | D:7      | Bought 2 potions of heal wounds for 110 gold pieces
 12583 | D:7      | Bought a potion of flight for 33 gold pieces
 12583 | D:7      | Bought a potion of haste for 110 gold pieces
 12857 | D:7      | Found a runed translucent door.
 12858 | D:7      | Noticed a11behringer's ghost (novice DrBe)
 12949 | D:7      | Found Qaprit's General Store.
 12965 | D:7      | Bought a potion of berserk rage for 50 gold pieces
 12965 | D:7      | Bought a scroll of fear for 35 gold pieces
 12965 | D:7      | Bought a scroll of magic mapping for 35 gold pieces
 13495 | D:10     | Found a staircase to the Orcish Mines.
 14857 | D:11     | Reached skill level 12 in Polearms
 15235 | D:11     | Noticed Psyche
 15246 | D:11     | Killed Psyche
 15311 | D:11     | Found a staircase to the Lair.
 15880 | D:12     | Found Nadad's Antique Weapon Boutique.
 15915 | D:12     | Noticed a six-headed hydra
 15918 | D:12     | Found a gate leading to a gauntlet.
 15925 | D:12     | Killed a six-headed hydra
 15933 | Gauntlet | Entered a Gauntlet
 15933 | Gauntlet | Noticed a death yak
 15933 | Gauntlet | Noticed a death yak
 15933 | Gauntlet | Found a transporter.
 16080 | Gauntlet | Noticed a ghost crab
 16082 | Gauntlet | Found a transporter.
 16098 | Gauntlet | Found a transporter.
 16102 | Gauntlet | Found a transporter.
 16107 | Gauntlet | Noticed a death scarab
 16115 | Gauntlet | Noticed a death scarab
 16122 | Gauntlet | Found a transporter.
 16135 | Gauntlet | Found a transporter.
 16140 | Gauntlet | Noticed a large abomination
 16148 | Gauntlet | Found a transporter.
 16150 | Gauntlet | Noticed a balrug
 16168 | Gauntlet | Found a transporter.
 16172 | Gauntlet | Found a transporter.
 16174 | Gauntlet | Found a runed translucent door.
 16175 | Gauntlet | Noticed a death yak
 16175 | Gauntlet | Noticed a death yak
 16176 | Gauntlet | Found a runed translucent door.
 16176 | Gauntlet | Noticed a death yak
 16177 | Gauntlet | Noticed a necromancer
 16180 | Gauntlet | Found a transporter.
 16205 | Gauntlet | Found a transporter.
 16205 | Gauntlet | Found a transporter.
 16205 | Gauntlet | Found a runed translucent door.
 16237 | Gauntlet | Found a runed translucent door.
 16299 | Gauntlet | Reached skill level 13 in Polearms
 16319 | Gauntlet | Identified the ring "Edix" {rPois rN+}
 16612 | Gauntlet | Killed a large abomination
 16613 | Gauntlet | Gained mutation: You may rarely emit foul miasma when
                  | damaged in melee. [demonic ancestry]
 16613 | Gauntlet | Reached XP level 12. HP: 43/93 MP: 12/12
 16811 | Gauntlet | Noticed a minotaur
 16839 | Gauntlet | Killed a minotaur
 16852 | Gauntlet | Got the Grimoire of Spatial Heat
 17215 | Lair:1   | Entered Level 1 of the Lair of Beasts
 17349 | Lair:1   | Noticed a four-headed hydra
 17368 | Lair:1   | Reached skill level 14 in Polearms
 17371 | Lair:1   | Killed a four-headed hydra
 17644 | Lair:1   | Identified a scroll of acquirement
 17645 | Lair:1   | Acquired a manual of Polearms
 17701 | Lair:1   | Reached skill level 15 in Polearms
 18203 | Lair:2   | Found a staircase to the Swamp.
 18231 | Lair:2   | Noticed a seven-headed hydra
 18245 | Lair:2   | Killed a seven-headed hydra
 18309 | Lair:2   | Noticed Nergalle
 18318 | Lair:2   | Killed Nergalle
 18385 | Lair:2   | Noticed a five-headed hydra
 18398 | Lair:2   | Killed a five-headed hydra
 18399 | Lair:2   | Reached skill level 1 in Evocations
 18399 | Lair:2   | Noticed a six-headed hydra
 18412 | Lair:2   | Killed a six-headed hydra
 18848 | Lair:2   | Gained mutation: You are surrounded by a strong repulsion
                  | field. (EV +4, RMsl) [demonic ancestry]
 18848 | Lair:2   | Reached XP level 13. HP: 87/101 MP: 13/13
 19759 | Lair:3   | Found a dark tunnel.
 19767 | Volcano  | Entered a volcano
 19804 | Volcano  | Reached skill level 10 in Fighting
 19871 | Volcano  | Cast into level 2 of the Abyss (a wizard)
 20118 | Abyss:2  | HP: 4/104 [apocalypse crab (14)]
 20118 | Abyss:2  | Slain by an apocalypse crab

Illustrated notes

Levels and vault maps discovered:
D:1:      matt_arrival_grand_opening, layout_basic,
          ebering_ecumenical_altar_hall
D:2:      layout_loops_cross, basic_altar, minmay_split_cup_small
D:3:      layout_basic
D:4:      minmay_razor_zed, layout_gridville, mainiacjoe_overflow_catwalk,
          serial_shops, nicolae_shop_crystal, st_stairs_12
D:5:      layout_layer_cave, serial_shops, kennysheep_mini,
          nicolae_inconvenience_store, uniq_ijyb, uniq_menkaure
D:6:      layout_rooms, gammafunk_ghost_hive
D:7:      layout_layer_cave, temple_green, serial_shops, shop,
          gammafunk_ghost_grave, minmay_shop_grid_forest
D:8:      layout_basic, amcnicky_mini_pool_small
D:9:      layout_loops_corners, grunt_decor_fettered, uniq_grum,
          uniq_prince_ribbit1
D:10:     layout_irregular_city, minmay_orc_entry_temple_small,
          minmay_misc_feat_more_columns
D:11:     layout_basic, erik_lair_orcish_takeover, fountainhead, nicolae_wwwww,
          uniq_psyche
D:12:     minmay_the_grid_octo_tiled_octocenter
          [minmay_the_grid_octo_tetromino_candy, minmay_the_grid_octo_checkered,
          minmay_the_grid_octo_checkerflower, minmay_the_grid_octo_fat_diamond,
          minmay_the_grid_octo_prize_square_snowflake,
          minmay_the_grid_square_5x5_inner_z,
          minmay_the_grid_square_5x5_longway,
          minmay_the_grid_square_5x5_trominoes, minmay_the_grid_square_5x5_meh],
          layout_cave_pools, gauntlet_entry_generic, serial_shops,
          nicolae_shop_stone
Lair:1:   layout_big_grid, chequers_serial_rivers_large_a, lemuel_old_faithful,
          grunt_megastairs_3
Lair:2:   layout_long_grid, skrybe_swamp_entry_bodies,
          hangedman_lair_generics_rect, uniq_nergalle
Lair:3:   layout_regular_city, enter_volcano_2, grunt_megastairs_1
Abyss:2:  base:
D:8
Volcano:  volcano_bunker

Skill      XL: |  1  2  3  4  5  6  7  8  9 10 11 12 13 |
---------------+----------------------------------------+-----
Axes           | 2 |  2.7
Polearms       | 1 3 5 6 8 10 11 13 15 | 15.8
Armour         | 4 6 7 8 |  8.6
Dodging        | 2 5 6 7 8 |  8.0
Fighting       | 4 6 8 9 10 | 10.4
Evocations     | 2 4 |  4.2
Shields        | |  2.6

Action                   |  1- 3 |  4- 6 |  7- 9 | 10-12 | 13-15 || total
-------------------------+-------+-------+-------+-------+-------++-------
Melee: War axe           |    10 |       |       |       |       ||    10
       Spear             |    44 |   105 |   515 |   872 |       ||  1536
       Halberd           |       |       |       |   464 |   332 ||   796
       Dire flail        |       |       |       |    30 |    18 ||    48
Throw: Dart              |    24 |    88 |   148 |   192 |    15 ||   467
       Stone             |     3 |     4 |       |       |       ||     7
Evoke: Wand              |     3 |     1 |    14 |    19 |       ||    37
       Phantom mirror    |       |       |       |       |     1 ||     1
  Use: Potion            |     2 |       |     4 |     5 |     3 ||    14
       Scroll            |       |    11 |     7 |     9 |     3 ||    30
 Stab: Paralysed         |     6 |     6 |       |    12 |       ||    24
       Distracted        |       |     1 |     1 |     8 |     1 ||    11
Armor: Scale mail        |    15 |    27 |    33 |       |       ||    75
       Plate armour      |       |       |   109 |   511 |   200 ||   820
Dodge: Dodged            |    19 |    37 |   105 |   435 |   155 ||   751
       Repelled          |       |       |       |       |     3 ||     3

Table legend: (Time is in decaauts)
 A = Elapsed time spent in this place.
 B = Non-inter-level travel time spent in this place.
 C = Inter-level travel time spent in this place.
 D = Time resting spent in this place.
 E = Time spent auto-exploring this place.
 F = Levels seen in this place.
 G = Mean time per level.
                   A        B        C        D        E       F      G
               +--------+--------+--------+--------+--------+-----+--------+
         Total |  19279 |  18548 |    731 |   2027 |  12289 |  18 | 1071.1 |
       Dungeon |  15364 |  14712 |    652 |   1327 |  10696 |  12 | 1280.3 |
          Lair |   2366 |   2287 |     79 |      7 |   1195 |   3 |  788.7 |
         Abyss |    248 |    248 |      0 |     49 |     49 |   1 |  248.0 |
       Volcano |     88 |     88 |      0 |      0 |      1 |   1 |   88.0 |
      Gauntlet |   1210 |   1210 |      0 |    644 |    346 |   1 | 1210.0 |
               +--------+--------+--------+--------+--------+-----+--------+

Top non-repeatable levels by time:
     D:5: 2649 daAuts
     D:9: 1782 daAuts
    D:10: 1656 daAuts
     D:7: 1481 daAuts
     D:4: 1346 daAuts
    D:11: 1273 daAuts
Gauntlet: 1210 daAuts
     D:8: 1142 daAuts
     D:6: 1037 daAuts
     D:2: 1006 daAuts
     D:1: 1000 daAuts
  Lair:2: 881 daAuts
     D:3: 869 daAuts
  Lair:1: 851 daAuts
  Lair:3: 634 daAuts
